 Dungeon Crawl Stone Soup version 0.26-a0-504-g0cf647090d (webtiles) character file.

Game seed: 14449052009628941910

610 ANON1729 the Sneak (level 7, -1/42 HPs)
             Began as a Kobold Brigand on Aug 8, 2020.
             Killed from afar by an orc wizard (8 damage)
             ... with a magic dart
             ... on level 4 of the Dungeon.
             The game lasted 00:07:27 (4645 turns).

ANON1729 the Sneak (Kobold Brigand)                 Turns: 4645, Time: 00:07:27

Health: -1/42      AC:  6    Str:  9    XL:     7   Next: 72%
Magic:  7/7        EV: 16    Int: 12    God:
Gold:   203        SH:  0    Dex: 18    Spells: 6/6 levels left

rFire    . . .     SeeInvis .   a - +2 dagger
rCold    . . .     Faith    .   (shield restricted)
rNeg     . . .     Spirit   .   b - +0 robe
rPois    +         Reflect  .   y - +0 helmet (curse)
rElec    .         Harm     .   c - +0 cloak
rCorr    .                      n - +1 pair of gloves
MR       .....                  (no boots)
Stlth    +++++.....             (no amulet)
HPRegen  0.14/turn              k - ring of poison resistance
MPRegen  0.10/turn              (no ring)

@: no status effects
A: small, nightstalker 3
a: no special abilities


You were on level 4 of the Dungeon.
You visited 1 branch of the dungeon, and saw 4 of its levels.
You also visited: Sewer.

You collected 203 gold pieces.

Inventory:

Hand Weapons
 a - a +2 dagger (weapon)
Missiles
 d - 6 poisoned darts
 e - a curare-tipped dart
 r - 4 atropa-tipped darts (quivered)
 D - a throwing net
Armour
 b - a +0 robe (worn)
 c - a +0 cloak (worn)
 g - a scarf of harm
 n - a +1 pair of gloves (worn)
 y - a cursed +0 helmet (worn)
Jewellery
 k - a ring of poison resistance (left hand)
 p - an uncursed ring of fire
 z - an uncursed amulet of reflection {unknown}
 A - an uncursed amulet of faith {unknown}
 B - an uncursed ring of ice {unknown}
Wands
 E - a wand of digging (4)
Scrolls
 f - 2 scrolls of fear {unknown}
 h - 2 scrolls of enchant weapon {unknown}
 j - 2 scrolls of remove curse {unknown}
 l - 4 scrolls of enchant armour
 m - 3 scrolls of identify {unknown}
 o - a scroll of magic mapping {unknown}
 q - a scroll of blinking {unknown}
 w - a scroll of fog {unknown}
Potions
 i - a potion of invisibility
 s - 5 potions of curing
 t - 2 potions of flight {unknown}
 u - 2 potions of cancellation {unknown}
 v - a potion of haste {unknown}
 x - a potion of degeneration {unknown}
 C - a potion of lignification {unknown}
 F - a potion of brilliance {unknown}


   Skills:
 + Level 3.9 Fighting
 * Level 6.0 Short Blades
 + Level 3.8 Throwing
 + Level 3.6 Dodging
 * Level 7.9 Stealth


You had 6 spell levels left.
You didn't know any spells.
Your spell library was empty.

Dungeon Overview and Level Annotations

Branches:
Dungeon (4/15)              Sewer (visited)
 Temple: D:4-7

Altars:
Gozag
Zin
The Shining One


Innate Abilities, Weirdness & Mutations

You are small and have problems with some larger weapons.
You are completely attuned to the shadows.


Message History

The orc wizard misses you.
An orc comes into view.
The orc wizard casts a spell.
The orc wizard seems to speed up.
Throwing (i - inventory. (/) - cycle)
d - 7 poisoned darts (quivered)
Press: ? - help, Shift-Dir - straight line, f/p - orc wizard
Aim: an orc wizard, wielding a +0 dagger and wearing a +0 robe (lightly wounded, fast, very poisoned)
You throw a poisoned dart. The poisoned dart hits the orc wizard!
The orc wizard looks as sick as possible!
The orc wizard is lightly wounded.
Quiver which item? (- for none, * to show all) (? for menu, Esc to quit)
Quivering
r - 5 atropa-tipped darts for throwing.
Throwing (i - inventory. (/) - cycle)
r - 5 atropa-tipped darts (quivered)
Press: ? - help, Shift-Dir - straight line, f/p - orc wizard
Aim: an orc wizard, wielding a +0 dagger and wearing a +0 robe (lightly wounded, fast, extremely poisoned, chance to blind on hit: 91%)
You throw an atropa-tipped dart.
The atropa-tipped dart completely misses the orc wizard.
The orc wizard points at you and mumbles some strange words.
The magic dart hits you!
You die...

..... #..........#....#..
+#####'####..........###.##+#
.............###'##+####'##..
.............#....#..........
.............#....#..........
.........(...#....#..........
.............#....#...##..<..
####.....o...#....#...#######
'.((((.(o@#....#..........
......o..##..##...##.....
##'##.....#..##+####.....
#...#.....#..............
#...'.....#.......##.....
....#.....#.......##.....
....#.....#...........†..
....#.....'......[.......
######†....##########.....


You could see an orc wizard (fast, extremely poisoned) and 2 orcs.

Vanquished Creatures
  Purgy (Sewer)
  An ogre (D:4)
  3 howler monkeys
  2 hounds (D:4)
  2 worker ants (D:4)
  3 gnolls (D:4)
  6 adders
  3 oozes
  2 dart slugs
  3 worms
  A leopard gecko (D:1)
  11 orcs
  2 giant cockroaches (D:3)
  8 hobgoblins
  6 jackals
  13 kobolds
  2 quokkas
  A ball python (D:3)
  A ball python skeleton (D:4)
  12 bats
  5 frilled lizards
  6 goblins
  A quokka skeleton (D:4)
  5 rats
100 creatures vanquished.

Notes
Turn   | Place    | Note
-------+----------+-------------------------------------------
     0 | D:1      | ANON1729 the Kobold Brigand began the quest for the Orb.
     0 | D:1      | Reached XP level 1. HP: 12/12 MP: 1/1
   200 | D:1      | Reached XP level 2. HP: 16/18 MP: 2/2
   638 | D:1      | Reached XP level 3. HP: 22/22 MP: 3/3
  1486 | D:2      | HP: 1/22 [poisoned by an adder]
  1824 | D:2      | Reached XP level 4. HP: 24/27 MP: 4/4
  1918 | D:2      | Found a glowing golden altar of the Shining One.
  1979 | D:2      | Reached skill level 6 in Stealth
  2096 | D:2      | Found an opulent altar of Gozag.
  2522 | D:3      | Found a glowing silver altar of Zin.
  2532 | D:3      | Reached XP level 5. HP: 32/32 MP: 5/5
  2697 | D:3      | You fall into a shaft and drop 1 floor!
  2710 | D:4      | Reached XP level 6. HP: 30/37 MP: 6/6
  3072 | D:3      | Reached skill level 7 in Stealth
  3154 | D:3      | Found a glowing drain.
  3161 | Sewer    | Entered a sewer
  3506 | Sewer    | Noticed Purgy
  3602 | Sewer    | Killed Purgy
  3602 | Sewer    | Reached skill level 5 in Short Blades
  3986 | D:4      | Reached XP level 7. HP: 41/41 MP: 7/7
  4645 | D:4      | Killed from afar by an orc wizard

Illustrated notes

Levels and vault maps discovered:
D:1:      co_arrival_square_in_a_square_in_a_square, layout_basic
D:2:      layout_loops_ring, lemuel_doored_altar, grunt_gozag_statues
D:3:      layout_loops_ring, nicolae_overflow_crystal_walls,
          cheibrodos_sewer_entry_drain
D:4:      layout_gridville

Skill      XL: |  1  2  3  4  5  6  7 |
---------------+----------------------+-----
Short Blades   | 3 4 5 6 |  6.0
Dodging        | 2 3 |  3.6
Stealth        | 6 7 |  7.9
Fighting       | 3 |  3.9
Throwing       | 3 |  3.8

Action                   |  1- 3 |  4- 6 |  7- 9 || total
-------------------------+-------+-------+-------++-------
Melee: Dagger            |    76 |   210 |    84 ||   370
Throw: Dart              |     4 |     5 |    14 ||    23
  Use: Potion            |     3 |       |       ||     3
       Scroll            |       |     1 |       ||     1
 Stab: Sleeping          |    15 |    20 |     6 ||    41
Armor: Robe              |    11 |    33 |     9 ||    53
Dodge: Dodged            |    42 |   163 |    54 ||   259

Table legend: (Time is in decaauts)
 A = Elapsed time spent in this place.
 B = Non-inter-level travel time spent in this place.
 C = Inter-level travel time spent in this place.
 D = Time resting spent in this place.
 E = Time spent auto-exploring this place.
 F = Levels seen in this place.
 G = Mean time per level.
                   A        B        C        D        E       F      G
               +--------+--------+--------+--------+--------+-----+--------+
         Total |   4581 |   4503 |     78 |   1309 |   2342 |   5 |  916.2 |
       Dungeon |   4076 |   3998 |     78 |   1023 |   2284 |   4 | 1019.0 |
         Sewer |    504 |    504 |      0 |    286 |     58 |   1 |  504.0 |
               +--------+--------+--------+--------+--------+-----+--------+

Top non-repeatable levels by time:
     D:2: 1658 daAuts
     D:3: 919 daAuts
     D:1: 829 daAuts
     D:4: 669 daAuts
   Sewer: 504 daAuts
